AoeStats
← FettNasty

Coastal Forest

510752487Analyzed
3v3 RM · 1d ago on Oct 2, 2026· 35m 9s· 6 players
Game mode
Random Map
Map size
Normal (6 player)
Population
200
Speed
Normal
Resources
Standard
Victory
Conquest
Starting age
Dark Age
Ending age
Imperial Age
RankedLock teamsTeams togetherTeam positionsShared explorationLock speedFull tech treeHidden civsTurbo modeCheats
Victory
Defeat
🇺🇸 Lithuanians · United States
1007
+14
🇮🇹 Muisca · Italy
996
+15
🇨🇳 Persians · China
993
+15
🇦🇹 Turks · Austria
1027
-17
🇺🇸 Japanese · United States
944
-14
🇦🇷 Byzantines · Argentina
921
-13
maalrugu
6:43 Loom
8:20 Loom
12:03 Feudal Age
16:02 Castle Age
20:37 Wheelbarrow
19:48 Town Watch
21:14 Scale Mail Armor
21:24 Forging
22:31 Champi Runner
23:12 Squires
24:10 Chain Mail Armor
24:31 Iron Casting
23:20 Champi Warrior
26:29 Fletching
35:12 Imperial Age
33:25 Horse Collar
33:31 Double-Bit Axe
lty20000612
7:21 Loom
10:28 Feudal Age
18:17 Castle Age
16:47 Bloodlines
19:06 Husbandry
19:03 Horse Collar
20:20 Heavy Plow
20:11 Double-Bit Axe
21:33 Bow Saw
34:31 Scale Barding Armor
peteben24
9:47 Loom
12:42 Feudal Age
13:54 Double-Bit Axe
16:43 Forging
18:51 Castle Age
17:16 Scale Barding Armor
17:24 Gold Mining
18:30 Fishing Lines
19:26 Bloodlines
21:08 Bow Saw
22:44 Chain Barding Armor
23:39 Iron Casting
26:50 Gillnets
29:16 Wheelbarrow
28:27 Town Watch
32:48 Horse Collar
FettNasty
13:16 Feudal Age
18:29 Castle Age
16:25 Horse Collar
16:51 Double-Bit Axe
17:45 Stone Mining
17:49 Gold Mining
19:22 Wheelbarrow
19:22 Bow Saw
19:20 Heavy Plow
21:05 Gold Shaft Mining
22:34 Hand Cart
23:58 Scale Mail Armor
23:39 Pikeman
24:06 Arson
25:55 Town Watch
28:25 Squires
28:30 Treadmill Crane
29:46 Forging
30:03 Ballistics
34:10 Chain Mail Armor
34:31 Iron Casting
33:48 Fletching
zarett
13:18 Feudal Age
17:27 Castle Age
15:16 Double-Bit Axe
15:33 Gold Mining
16:13 Loom
22:10 Imperial Age
Rey Gyuma
11:03 Feudal Age
11:14 Loom
11:47 Double-Bit Axe
11:45 Horse Collar
16:32 Gold Mining
20:15 Castle Age
20:54 Wheelbarrow
21:33 Bow Saw
32:22 Imperial Age
30:15 Ballistics
33:00 Forging
32:52 Scale Mail Armor
32:57 Scale Barding Armor
32:30 Pikeman
Connection lost

Rejoining the realm…

Still unreachable

The connection could not be restored.

Session expired

The server has moved on; the page needs a fresh start.